Stars vs Kings
(R1)
Created - April 18, 2019 at 19:03
Goals
|
| Stars |
4 |
0 |
2 |
6 |
| Kings |
0 |
1 |
1 |
2 |
|
Shots
|
| Stars |
17 |
10 |
16 |
43 |
| Kings |
8 |
10 |
5 |
23 |
|
1st period
1. Stars , Alex Chiasson 15 (John Tavares 47) at 9:04
2. Stars , Patrick Sharp 18 (Antoine Vermette 38) at 10:25 (PP)
3. Stars , John Tavares 42 (Ian White 28, Drew Fata 37) at 15:08
4. Stars , Michael Grabner 24 (Antoine Vermette 39, Johnny Oduya 13) at 17:57 (SH)
Penalties :
Jussi Jokinen (Dal) for Tripping (Minor) at 0:22, Patrick Kane (LAK) for Holding (Minor) at 1:16, Jussi Jokinen (Dal) for Charging (Minor) at 2:29, Dion Phaneuf (LAK) for Hooking (Minor) at 9:47, John Tavares (Dal) for High sticking (Minor) at 11:12, Jussi Jokinen (Dal) for Interference (Minor) at 17:01, Jussi Jokinen (Dal) for Holding (Minor) at 19:32
2nd period
5. Kings , Anze Kopitar 33 (Johnny Gaudreau 34, Dion Phaneuf 35) at 16:15
Penalties :
Dany Heatley (LAK) for Roughing (Minor) at 7:41, Dany Heatley (LAK) for Fighting (Major) at 14:17, Ian White (Dal) for Fighting (Major) at 14:17, Anze Kopitar (LAK) for Hooking (Minor) at 16:26
3rd period
6. Stars , Jussi Jokinen 32 (John Tavares 48) at 7:05 (PP)
7. Stars , Evgeny Grachev 11 (Niklas Hjalmarsson 11) at 15:05
8. Kings , Anze Kopitar 34 (Patrick Kane 60) at 15:56
Penalties :
Drew Fata (Dal) for Tripping (Minor) at 2:13, Wayne Simmonds (LAK) for Hooking (Minor) at 6:17, Jussi Jokinen (Dal) for Diving (Minor) at 12:04, Darnell Nurse (LAK) for Hooking (Minor) at 15:47, Jussi Jokinen (Dal) for Charging (Minor) at 15:51
Goalie Stats
Brian Elliott (Dal), 21 saves from 23 shots - (0.913), W, 29-27-7, 60:00 minutes
John Gibson (LAK), 11 saves from 15 shots - (0.733), L, 23-20-0, 17:57 minutes
Pascal Leclaire (LAK), 26 saves from 28 shots - (0.929), 42:03 minutes
Players Stats for Stars
Player Name G A P +/- PIM S H SB GA TA FO MP PP MP PK MP
------------------------------------------------------------------------------------
Alex Chiasson 1 0 1 1 0 1 1 0 2 0 1/1 12:23 0:01 0:00
Antoine Vermette 0 2 2 1 0 2 0 0 0 0 7/13 17:11 2:11 4:25
B.J. Crombeen 0 0 0 0 0 1 0 1 1 0 0/0 10:27 2:04 0:00
Boris Valabik 0 0 0 2 0 1 0 0 0 1 0/0 12:14 1:20 0:19
Brian Lee 0 0 0 0 0 1 1 0 1 1 0/0 21:50 2:22 4:06
Cory Emmerton 0 0 0 0 0 2 3 0 0 0 5/5 14:58 0:00 4:30
Drew Fata 0 1 1 0 2 5 2 1 0 1 0/0 28:23 3:14 6:32
Dustin Penner 0 0 0 0 0 1 1 0 0 0 0/0 10:20 0:00 1:40
Evgeny Artyukhin 0 0 0 1 0 1 0 0 0 0 1/1 7:53 0:00 0:00
Evgeny Grachev 1 0 1 1 0 2 0 0 0 0 0/3 8:19 0:00 0:26
Ian White 0 1 1 0 5 1 1 0 0 0 0/0 26:14 1:54 8:00
John Tavares 1 2 3 0 2 8 4 0 1 1 24/46 24:23 3:25 6:15
Johnny Oduya 0 1 1 0 0 5 0 0 0 0 0/0 21:50 2:22 4:06
Jussi Jokinen 1 0 1 1 12 6 0 1 1 0 1/1 18:20 3:30 1:57
Michael Grabner 1 0 1 1 0 1 3 0 0 1 2/3 15:28 3:31 2:38
Niklas Hjalmarsson 0 1 1 2 0 1 0 1 0 1 0/0 9:27 0:00 1:09
Patrick Sharp 1 0 1 -1 0 3 2 0 0 0 2/3 15:47 2:04 1:42
Shawn Matthias 0 0 0 1 0 1 1 1 0 0 0/0 8:32 0:00 0:39
Players Stats for Kings
Player Name G A P +/- PIM S H SB GA TA FO MP PP MP PK MP
------------------------------------------------------------------------------------
Anze Kopitar 2 0 2 2 2 3 2 1 0 0 16/28 20:16 5:00 0:40
Dany Heatley 0 0 0 -1 7 0 2 0 0 1 0/0 15:18 4:00 0:00
Darnell Nurse 0 0 0 0 2 0 2 2 0 3 0/0 16:14 0:04 3:53
Dion Phaneuf 0 1 1 -3 2 1 2 3 0 1 0/0 25:59 6:56 1:36
Dominic Moore 0 0 0 0 0 0 2 0 0 0 4/11 9:29 0:00 3:31
Eric Wellwood 0 0 0 0 0 0 0 1 0 0 0/1 11:17 1:32 3:28
Johnny Gaudreau 0 1 1 0 0 3 0 0 0 0 3/4 19:20 6:25 0:24
Jon Merrill 0 0 0 -2 0 1 0 3 1 0 0/0 21:21 0:32 3:56
Justin Faulk 0 0 0 0 0 1 1 3 0 1 0/0 20:21 7:41 0:17
Mika Zibanejad 0 0 0 -2 0 2 1 0 0 0 1/5 9:47 0:15 0:14
Mike Brown 0 0 0 0 0 2 1 1 1 0 0/0 8:39 0:43 1:35
Nikita Kucherov 0 0 0 -2 0 2 2 1 0 0 0/0 13:38 4:40 0:00
Patrick Kane 0 1 1 -1 2 3 0 1 0 0 0/1 20:25 6:40 0:00
Rostislav Olesz 0 0 0 -2 0 1 0 0 0 0 0/0 8:57 0:00 0:00
Ryan Johansen 0 0 0 -2 0 3 1 0 0 0 9/24 20:29 6:46 0:00
Shea Weber 0 0 0 1 0 1 0 0 2 0 0/0 23:29 4:59 1:30
Staffan Kronwall 0 0 0 0 0 0 0 0 0 0 0/0 7:58 0:00 0:00
Wayne Simmonds 0 0 0 1 2 0 0 0 2 0 0/2 17:34 4:16 1:20
3 Stars
1 - John Tavares (Dal)
2 - Michael Grabner (Dal)
3 - Anze Kopitar (LAK)
Power Play
Stars - 2 on 6 Attempt(s) - 33.33%
Kings - 0 on 8 Attempt(s) - 0.00%
Penalty Kill
Stars - 8 on 8 Attempt(s) - 100.00%
- Score 1 goal in Penalty Kill
Kings - 4 on 6 Attempt(s) - 66.67%
- Score 0 goal in Penalty Kill
Team Stat
Stars - Hits : 19 - Faceoff Wins : 43 - Blocked Shots : 5 - Penalty Minutes : 21
Kings - Hits : 16 - Faceoff Wins : 33 - Blocked Shots : 16 - Penalty Minutes : 17
Official
Referees : Unknown
Linesman : Unknown
Game Notes
Pascal Leclaire enters game at 17:57 of 1st period
Ian White beats up Dany Heatley at 14:17 of 2nd period
Finance
Level 1 -- Attendance: 4939 (82.32%) -- Ticket Income $493,900
Level 2 -- Attendance: 3673 (73.46%) -- Ticket Income $220,380
Level 3 -- Attendance: 1938 (96.90%) -- Ticket Income $67,830
Level 4 -- Attendance: 3736 (93.40%) -- Ticket Income $93,400
Luxury Box -- Attendance: 989 (98.90%) -- Ticket Income $153,295
Game was played at the Staples Center.
Total Attendance: 15275 (84.86%)
Total Ticket Income: $1,028,805
Other Income: $154,321
Total Income: $1,183,126
Stars
5 vs 5 Forward
Center Left Wing Right Wing Time % Phy DF OF
1 John Tavares Jussi Jokinen Alex Chiasson 40 1 2 2
2 Antoine Vermette Patrick Sharp Michael Grabner 30 1 2 2
3 Cory Emmerton Dustin Penner B.J. Crombeen 20 1 2 2
4 Evgeny Grachev Shawn Matthias Evgeny Artyukhin 10 1 2 2
5 vs 5 Defense
Defense Defense Time % Phy DF OF
1 Drew Fata Ian White 40 1 2 2
2 Brian Lee Johnny Oduya 30 1 2 2
3 Boris Valabik Niklas Hjalmarsson 20 1 2 2
4 Drew Fata Ian White 10 1 2 2
PowerPlay Forward
Center Left Wing Right Wing Time % Phy DF OF
1 John Tavares Jussi Jokinen Michael Grabner 60 0 2 3
2 Antoine Vermette Patrick Sharp B.J. Crombeen 40 0 2 3
PowerPlay Defense
Defense Defense Time % Phy DF OF
1 Drew Fata Ian White 60 0 2 3
2 Brian Lee Johnny Oduya 40 0 2 3
Penalty Kill 4 Players Forward
Center Wing Time % Phy DF OF
1 John Tavares Jussi Jokinen 60 0 2 3
2 Antoine Vermette Michael Grabner 40 0 2 3
Penalty Kill 4 Players Defense
Defense Defense Time % Phy DF OF
1 Drew Fata Ian White 60 0 2 3
2 Brian Lee Johnny Oduya 40 0 2 3
Penalty Kill - 3 Players Forward
Forward Time % Phy DF OF
1 John Tavares 60 0 3 2
2 Antoine Vermette 40 0 3 2
Penalty Kill - 3 Players Defense
Defense Defense Time % Phy DF OF
1 Drew Fata Ian White 60 0 3 2
2 Brian Lee Johnny Oduya 40 0 3 2
4 vs 4 Forward
Center Wing Time % Phy DF OF
1 John Tavares Jussi Jokinen 60 1 2 2
2 Antoine Vermette Patrick Sharp 40 1 2 2
4 vs 4 Defense
Defense Defense Time % Phy DF OF
1 Drew Fata Ian White 60 1 2 2
2 Brian Lee Johnny Oduya 40 1 2 2
Last Minutes Offensive
Center Left Wing Right Wing Defense Defense
John Tavares Patrick Sharp Michael Grabner Drew Fata Ian White
Last Minutes Defensive
Center Left Wing Right Wing Defense Defense
John Tavares Patrick Sharp Michael Grabner Drew Fata Ian White
Goaltenders
Starting : Brian Elliott
Backup : Jhonas Enroth
Extra Forwards
Normal : Patrick Sharp, Alex Chiasson, Cory Emmerton - PP : Patrick Sharp, Alex Chiasson - PK : Cory Emmerton
Extra Defensemen
Normal : Boris Valabik, Niklas Hjalmarsson, Brian Lee - PP : Boris Valabik - PK : Niklas Hjalmarsson, Brian Lee
Penalty Shots
John Tavares, Antoine Vermette, Jussi Jokinen, Michael Grabner, Patrick Sharp
Scratches
Guillaume Latendresse (Back Injury)
Kings
5 vs 5 Forward
Center Left Wing Right Wing Time % Phy DF OF
1 Ryan Johansen Dany Heatley Patrick Kane 35 2 1 2
2 Anze Kopitar Johnny Gaudreau Wayne Simmonds 35 1 2 2
3 Mika Zibanejad Rostislav Olesz Nikita Kucherov 20 0 3 2
4 Dominic Moore Eric Wellwood Mike Brown 10 1 3 1
5 vs 5 Defense
Defense Defense Time % Phy DF OF
1 Jon Merrill Dion Phaneuf 40 2 3 0
2 Darnell Nurse Shea Weber 35 2 3 0
3 Staffan Kronwall Justin Faulk 25 0 4 1
4 Dion Phaneuf Shea Weber 0 1 3 1
PowerPlay Forward
Center Left Wing Right Wing Time % Phy DF OF
1 Ryan Johansen Johnny Gaudreau Patrick Kane 60 0 2 3
2 Anze Kopitar Dany Heatley Nikita Kucherov 40 2 1 2
PowerPlay Defense
Defense Defense Time % Phy DF OF
1 Justin Faulk Dion Phaneuf 60 3 0 2
2 Wayne Simmonds Shea Weber 40 2 3 0
Penalty Kill 4 Players Forward
Center Wing Time % Phy DF OF
1 Dominic Moore Eric Wellwood 60 1 3 1
2 Wayne Simmonds Mike Brown 40 1 3 1
Penalty Kill 4 Players Defense
Defense Defense Time % Phy DF OF
1 Darnell Nurse Jon Merrill 60 1 4 0
2 Shea Weber Dion Phaneuf 40 1 4 0
Penalty Kill - 3 Players Forward
Forward Time % Phy DF OF
1 Anze Kopitar 60 1 4 0
2 Patrick Kane 40 1 4 0
Penalty Kill - 3 Players Defense
Defense Defense Time % Phy DF OF
1 Dion Phaneuf Jon Merrill 60 0 5 0
2 Darnell Nurse Shea Weber 40 0 5 0
4 vs 4 Forward
Center Wing Time % Phy DF OF
1 Anze Kopitar Patrick Kane 60 0 3 2
2 Johnny Gaudreau Wayne Simmonds 40 0 2 3
4 vs 4 Defense
Defense Defense Time % Phy DF OF
1 Shea Weber Justin Faulk 60 1 2 2
2 Jon Merrill Dion Phaneuf 40 1 2 2
Last Minutes Offensive
Center Left Wing Right Wing Defense Defense
Anze Kopitar Johnny Gaudreau Patrick Kane Dion Phaneuf Justin Faulk
Last Minutes Defensive
Center Left Wing Right Wing Defense Defense
Anze Kopitar Eric Wellwood Patrick Kane Dion Phaneuf Jon Merrill
Goaltenders
Starting : John Gibson
Backup : Pascal Leclaire
Extra Forwards
Normal : Patrick Kane, Anze Kopitar, Ryan Johansen - PP : Eric Wellwood, Mike Brown - PK : Anze Kopitar
Extra Defensemen
Normal : Shea Weber, Jon Merrill, Darnell Nurse - PP : Jon Merrill - PK : Justin Faulk, Staffan Kronwall
Penalty Shots
Nikita Kucherov, Patrick Kane, Anze Kopitar, Dany Heatley, Ryan Johansen
Scratches
Michel Ouellet (Healthy), Paul Martin (Healthy), Riley Cote (Healthy)
% Time on Ice - Stars
Lines # - Real PCT - Wanted PCT - Time Play
Normal Forward
1 - 34% - 40% - 12:57
2 - 25% - 30% - 9:30
3 - 21% - 20% - 8:12
4 - 20% - 10% - 7:53
Normal Defense
1 - 42% - 40% - 16:21
2 - 37% - 30% - 14:04
3 - 21% - 20% - 8:07
4 - 0% - 10% - 0:00
PP Forward
1 - 63% - 60% - 3:32
2 - 37% - 40% - 2:04
PP Defense
1 - 58% - 60% - 3:14
2 - 42% - 40% - 2:22
PK Forward
1 - 75% - 60% - 9:03
2 - 25% - 40% - 3:03
PK Defense
1 - 66% - 60% - 8:00
2 - 34% - 40% - 4:06
PK3 Forward
1 - 0% - 60%
2 - 0% - 40%
PK3 Defense
1 - 0% - 60%
2 - 0% - 40%
44 Forward
1 - 71% - 60% - 2:41
2 - 29% - 40% - 1:05
44 Defense
1 - 65% - 60% - 2:28
2 - 35% - 40% - 1:18
Last Minute Offensive - 0:00
Last Minute Defensive - 0:00
Total
Forward - 60:00
Defense - 60:00
|
% Time on Ice - Kings
Lines # - Real PCT - Wanted PCT - Time Play
Normal Forward
1 - 33% - 35% - 12:40
2 - 28% - 35% - 10:57
3 - 23% - 20% - 8:57
4 - 15% - 10% - 5:58
Normal Defense
1 - 43% - 40% - 16:43
2 - 33% - 35% - 12:53
3 - 21% - 25% - 7:58
4 - 3% - 0% - 0:58
PP Forward
1 - 61% - 60% - 7:25
2 - 39% - 40% - 4:41
PP Defense
1 - 66% - 60% - 8:02
2 - 34% - 40% - 4:04
PK Forward
1 - 72% - 60% - 4:01
2 - 28% - 40% - 1:35
PK Defense
1 - 71% - 60% - 3:58
2 - 29% - 40% - 1:38
PK3 Forward
1 - 0% - 60%
2 - 0% - 40%
PK3 Defense
1 - 0% - 60%
2 - 0% - 40%
44 Forward
1 - 82% - 60% - 3:06
2 - 18% - 40% - 0:40
44 Defense
1 - 76% - 60% - 2:52
2 - 24% - 40% - 0:54
Last Minute Offensive - 0:00
Last Minute Defensive - 0:00
Total
Forward - 60:00
Defense - 60:00
|
Play-by-Play
1st period
0:01 of 1st period - John Tavares wins face-off versus Ryan Johansen in neutral zone.
0:06 of 1st period - Slapshot by Alex Chiasson.
0:06 of 1st period - Shot Misses the Net.
0:22 of 1st period - Minor Penalty to Jussi Jokinen for Tripping.
0:23 of 1st period - John Tavares wins face-off versus Ryan Johansen in Stars zone.
1:16 of 1st period - Minor Penalty to Patrick Kane for Holding.
1:17 of 1st period - Ryan Johansen wins face-off versus Patrick Sharp in Kings zone.
1:26 of 1st period - Wrist shot by Ryan Johansen.
1:26 of 1st period - Stopped by Brian Elliott with a rebound.
1:32 of 1st period - Wrist shot by Patrick Sharp.
1:32 of 1st period - Shot Blocked by Justin Faulk.
2:22 of 1st period - Penalty to Jussi Jokinen is over, Jussi Jokinen is back on ice.
2:29 of 1st period - Minor Penalty to Jussi Jokinen for Charging.
2:30 of 1st period - Anze Kopitar wins face-off versus Antoine Vermette in Stars zone.
2:37 of 1st period - Wrist shot by Ryan Johansen.
2:37 of 1st period - Stopped by Brian Elliott with a rebound.
2:39 of 1st period - Slapshot by Justin Faulk.
2:39 of 1st period - Stopped by Brian Elliott without a rebound.
2:40 of 1st period - Anze Kopitar wins face-off versus Antoine Vermette in Stars zone.
3:16 of 1st period - Penalty to Patrick Kane is over, Patrick Kane is back on ice.
3:33 of 1st period - Slapshot by Patrick Kane.
3:33 of 1st period - Shot Misses the Net.
3:35 of 1st period - Snap shot by Anze Kopitar.
3:35 of 1st period - Shot Misses the Net.
4:17 of 1st period - Slapshot by Shea Weber.
4:17 of 1st period - Stopped by Brian Elliott without a rebound.
4:18 of 1st period - John Tavares wins face-off versus Eric Wellwood in Stars zone.
4:29 of 1st period - Penalty to Jussi Jokinen is over, Jussi Jokinen is back on ice.
4:43 of 1st period - Rostislav Olesz is hit by Shawn Matthias and loses puck.
5:19 of 1st period - Dany Heatley is hit by Michael Grabner and loses puck.
6:05 of 1st period - Wrist shot by John Tavares.
6:05 of 1st period - Stopped by John Gibson with a rebound.
6:22 of 1st period - Staffan Kronwall is hit by Cory Emmerton and loses puck.
6:50 of 1st period - Shawn Matthias is hit by Dany Heatley.
7:22 of 1st period - Eric Wellwood is hit by John Tavares and loses puck.
7:45 of 1st period - Icing by Darnell Nurse.
7:46 of 1st period - Cory Emmerton wins face-off versus Patrick Kane in Kings zone.
7:57 of 1st period - Shea Weber is hit by Drew Fata and loses puck.
8:52 of 1st period - Snap shot by John Tavares.
8:52 of 1st period - Shot Misses the Net.
8:54 of 1st period - Snap shot by John Tavares.
8:54 of 1st period - Shot Blocked by Justin Faulk.
8:56 of 1st period - Snap shot by Drew Fata.
8:56 of 1st period - Stopped by John Gibson without a rebound.
8:57 of 1st period - John Tavares wins face-off versus Mika Zibanejad in Kings zone.
9:00 of 1st period - Snap shot by John Tavares.
9:00 of 1st period - Shot Misses the Net.
9:02 of 1st period - Snap shot by John Tavares.
9:02 of 1st period - Shot Misses the Net.
9:04 of 1st period - Wrist shot by Alex Chiasson.
9:04 of 1st period - Goal by Alex Chiasson - Stars : 1 - Kings : 0.
9:05 of 1st period - John Tavares wins face-off versus Anze Kopitar in neutral zone.
9:32 of 1st period - Jon Merrill is hit by Patrick Sharp and loses puck.
9:47 of 1st period - Minor Penalty to Dion Phaneuf for Hooking.
9:48 of 1st period - John Tavares wins face-off versus Dominic Moore in Kings zone.
10:23 of 1st period - Wrist shot by Antoine Vermette.
10:23 of 1st period - Stopped by John Gibson without a rebound.
10:24 of 1st period - Antoine Vermette wins face-off versus Dominic Moore in Kings zone.
10:25 of 1st period - Snap shot by Patrick Sharp.
10:25 of 1st period - Goal by Patrick Sharp - Stars : 2 - Kings : 0.
10:26 of 1st period - John Tavares wins face-off versus Anze Kopitar in neutral zone.
10:28 of 1st period - Off-side.
10:29 of 1st period - Johnny Gaudreau wins face-off versus John Tavares in neutral zone.
10:32 of 1st period - Wrist shot by Johnny Gaudreau.
10:32 of 1st period - Shot Blocked by Jussi Jokinen.
10:35 of 1st period - Icing by Ian White.
10:36 of 1st period - Johnny Gaudreau wins face-off versus John Tavares in Stars zone.
10:37 of 1st period - Snap shot by Anze Kopitar.
10:37 of 1st period - Shot Hit the Post.
11:10 of 1st period - Snap shot by John Tavares.
11:10 of 1st period - Stopped by John Gibson with a rebound.
11:12 of 1st period - Wrist shot by John Tavares.
11:12 of 1st period - Stopped by John Gibson without a rebound.
11:12 of 1st period - Minor Penalty to John Tavares for High sticking.
11:13 of 1st period - Cory Emmerton wins face-off versus Ryan Johansen in Stars zone.
13:12 of 1st period - Penalty to John Tavares is over, John Tavares is back on ice.
13:32 of 1st period - Snap shot by John Tavares.
13:32 of 1st period - Stopped by John Gibson with a rebound.
13:54 of 1st period - Wrist shot by Evgeny Grachev.
13:54 of 1st period - Shot Misses the Net.
14:28 of 1st period - Snap shot by Johnny Oduya.
14:28 of 1st period - Stopped by John Gibson with a rebound.
14:42 of 1st period - Cory Emmerton is hit by Justin Faulk.
15:08 of 1st period - Slapshot by Ian White.
15:08 of 1st period - Deflect By John Tavares.
15:08 of 1st period - Goal by John Tavares - Stars : 3 - Kings : 0.
15:09 of 1st period - Antoine Vermette wins face-off versus Anze Kopitar in neutral zone.
15:14 of 1st period - Slapshot by Patrick Sharp.
15:14 of 1st period - Stopped by John Gibson without a rebound.
15:15 of 1st period - Antoine Vermette wins face-off versus Anze Kopitar in Kings zone.
15:20 of 1st period - Wrist shot by Patrick Sharp.
15:20 of 1st period - Shot Misses the Net.
15:22 of 1st period - Wrist shot by Drew Fata.
15:22 of 1st period - Stopped by John Gibson without a rebound.
15:23 of 1st period - Ryan Johansen wins face-off versus John Tavares in Kings zone.
15:32 of 1st period - Wrist shot by Patrick Kane.
15:32 of 1st period - Stopped by Brian Elliott without a rebound.
15:33 of 1st period - John Tavares wins face-off versus Ryan Johansen in Stars zone.
15:33 of 1st period - John Tavares is hit by Dion Phaneuf.
15:41 of 1st period - Slapshot by Patrick Kane.
15:41 of 1st period - Stopped by Brian Elliott without a rebound.
15:42 of 1st period - Anze Kopitar wins face-off versus Antoine Vermette in Stars zone.
16:16 of 1st period - Wrist shot by Jussi Jokinen.
16:16 of 1st period - Stopped by John Gibson without a rebound.
16:17 of 1st period - Ryan Johansen wins face-off versus Antoine Vermette in Kings zone.
16:42 of 1st period - Alex Chiasson is hit by Anze Kopitar and loses puck.
17:01 of 1st period - Minor Penalty to Jussi Jokinen for Interference.
17:02 of 1st period - John Tavares wins face-off versus Ryan Johansen in Stars zone.
17:28 of 1st period - Icing by Patrick Kane.
17:29 of 1st period - Antoine Vermette wins face-off versus Ryan Johansen in Kings zone.
17:29 of 1st period - Antoine Vermette is hit by Dion Phaneuf.
17:31 of 1st period - Backhand shot by Brian Lee.
17:31 of 1st period - Stopped by John Gibson without a rebound.
17:32 of 1st period - Antoine Vermette wins face-off versus Ryan Johansen in Kings zone.
17:51 of 1st period - Slapshot by Brian Lee.
17:51 of 1st period - Shot Misses the Net.
17:57 of 1st period - Snap shot by Antoine Vermette.
17:57 of 1st period - Deflect By Michael Grabner.
17:57 of 1st period - Goal by Michael Grabner - Stars : 4 - Kings : 0.
17:57 of 1st period - Pascal Leclaire enters game.
17:58 of 1st period - John Tavares wins face-off versus Ryan Johansen in neutral zone.
18:07 of 1st period - Snap shot by John Tavares.
18:07 of 1st period - Stopped by Pascal Leclaire without a rebound.
18:08 of 1st period - Ryan Johansen wins face-off versus John Tavares in Kings zone.
18:42 of 1st period - Snap shot by Ryan Johansen.
18:42 of 1st period - Stopped by Brian Elliott without a rebound.
18:43 of 1st period - Anze Kopitar wins face-off versus John Tavares in Stars zone.
19:01 of 1st period - Penalty to Jussi Jokinen is over, Jussi Jokinen is back on ice.
19:06 of 1st period - Snap shot by Dustin Penner.
19:06 of 1st period - Shot Misses the Net.
19:08 of 1st period - Wrist shot by John Tavares.
19:08 of 1st period - Shot Blocked by Mike Brown.
19:10 of 1st period - Snap shot by Jussi Jokinen.
19:10 of 1st period - Stopped by Pascal Leclaire without a rebound.
19:11 of 1st period - Michael Grabner wins face-off versus Dominic Moore in Kings zone.
19:20 of 1st period - Mike Brown is hit by Patrick Sharp and loses puck.
19:27 of 1st period - Snap shot by Dion Phaneuf.
19:27 of 1st period - Stopped by Brian Elliott with a rebound.
19:29 of 1st period - Snap shot by Eric Wellwood.
19:29 of 1st period - Deflect By Dominic Moore.
19:29 of 1st period - Shot Misses the Net.
19:29 of 1st period - Puck is out of play.
19:30 of 1st period - John Tavares wins face-off versus Anze Kopitar in Stars zone.
19:32 of 1st period - Minor Penalty to Jussi Jokinen for Holding.
19:33 of 1st period - Ryan Johansen wins face-off versus John Tavares in Stars zone.
19:59 of 1st period - Ian White is hit by Dany Heatley and loses puck.
Goals for this period are 4 for Stars vs 0 for Kings.
Shots for this period are 17 for Stars vs 8 for Kings.
2nd period
0:01 of 2nd period - John Tavares wins face-off versus Ryan Johansen in neutral zone.
0:03 of 2nd period - Off-side.
0:04 of 2nd period - Ryan Johansen wins face-off versus John Tavares in neutral zone.
0:11 of 2nd period - Wrist shot by Patrick Kane.
0:11 of 2nd period - Shot Misses the Net.
0:13 of 2nd period - Wrist shot by Justin Faulk.
0:13 of 2nd period - Shot Misses the Net.
0:19 of 2nd period - Wrist shot by Johnny Gaudreau.
0:19 of 2nd period - Stopped by Brian Elliott without a rebound.
0:20 of 2nd period - Anze Kopitar wins face-off versus John Tavares in Stars zone.
0:23 of 2nd period - Wrist shot by Nikita Kucherov.
0:23 of 2nd period - Shot Misses the Net.
0:25 of 2nd period - Snap shot by Justin Faulk.
0:25 of 2nd period - Shot Misses the Net.
0:37 of 2nd period - Slapshot by Anze Kopitar.
0:37 of 2nd period - Stopped by Brian Elliott with a rebound.
1:32 of 2nd period - Penalty to Jussi Jokinen is over, Jussi Jokinen is back on ice.
1:44 of 2nd period - Evgeny Grachev is hit by Dominic Moore and loses puck.
1:51 of 2nd period - Wrist shot by Mike Brown.
1:51 of 2nd period - Stopped by Brian Elliott with a rebound.
1:53 of 2nd period - Slapshot by Shea Weber.
1:53 of 2nd period - Shot Misses the Net.
2:03 of 2nd period - Niklas Hjalmarsson is hit by Nikita Kucherov and loses puck.
2:26 of 2nd period - Ryan Johansen is hit by Alex Chiasson and loses puck.
3:05 of 2nd period - Dion Phaneuf is hit by Brian Lee and loses puck.
4:20 of 2nd period - Snap shot by Patrick Kane.
4:20 of 2nd period - Stopped by Brian Elliott with a rebound.
4:40 of 2nd period - Slapshot by Drew Fata.
4:40 of 2nd period - Stopped by Pascal Leclaire without a rebound.
4:41 of 2nd period - Anze Kopitar wins face-off versus Antoine Vermette in Kings zone.
4:41 of 2nd period - Anze Kopitar is hit by Michael Grabner.
5:55 of 2nd period - Drew Fata is hit by Dominic Moore and loses puck.
6:04 of 2nd period - Evgeny Artyukhin is hit by Mike Brown and loses puck.
6:45 of 2nd period - Snap shot by Michael Grabner.
6:45 of 2nd period - Shot Blocked by Patrick Kane.
6:47 of 2nd period - Slapshot by Niklas Hjalmarsson.
6:47 of 2nd period - Deflect By Patrick Kane.
6:47 of 2nd period - Stopped by Pascal Leclaire with a rebound.
6:49 of 2nd period - Snap shot by Michael Grabner.
6:49 of 2nd period - Shot Blocked by Jon Merrill.
6:59 of 2nd period - Dion Phaneuf is hit by Dustin Penner and loses puck.
7:08 of 2nd period - Wrist shot by Mika Zibanejad.
7:08 of 2nd period - Stopped by Brian Elliott without a rebound.
7:09 of 2nd period - John Tavares wins face-off versus Anze Kopitar in Stars zone.
7:22 of 2nd period - Snap shot by Johnny Gaudreau.
7:22 of 2nd period - Stopped by Brian Elliott without a rebound.
7:23 of 2nd period - Ryan Johansen wins face-off versus John Tavares in Stars zone.
7:41 of 2nd period - Minor Penalty to Dany Heatley for Roughing.
7:42 of 2nd period - Dominic Moore wins face-off versus John Tavares in Kings zone.
7:42 of 2nd period - Dominic Moore is hit by John Tavares.
8:21 of 2nd period - Slapshot by Patrick Sharp.
8:21 of 2nd period - Shot Misses the Net.
8:23 of 2nd period - Snap shot by Johnny Oduya.
8:23 of 2nd period - Shot Blocked by Darnell Nurse.
8:25 of 2nd period - Backhand shot by Patrick Sharp.
8:25 of 2nd period - Shot Blocked by Jon Merrill.
9:41 of 2nd period - Penalty to Dany Heatley is over, Dany Heatley is back on ice.
10:15 of 2nd period - Brian Lee is hit by Mika Zibanejad and loses puck.
10:21 of 2nd period - Off-side.
10:22 of 2nd period - Cory Emmerton wins face-off versus Mika Zibanejad in neutral zone.
10:45 of 2nd period - Slapshot by Rostislav Olesz.
10:45 of 2nd period - Stopped by Brian Elliott with a rebound.
10:47 of 2nd period - Snap shot by Rostislav Olesz.
10:47 of 2nd period - Deflect By Mika Zibanejad.
10:47 of 2nd period - Stopped by Brian Elliott with a rebound.
10:49 of 2nd period - Slapshot by Nikita Kucherov.
10:49 of 2nd period - Shot Misses the Net.
10:55 of 2nd period - Snap shot by Cory Emmerton.
10:55 of 2nd period - Stopped by Pascal Leclaire with a rebound.
10:57 of 2nd period - Slapshot by Boris Valabik.
10:57 of 2nd period - Shot Misses the Net.
10:59 of 2nd period - Snap shot by B.J. Crombeen.
10:59 of 2nd period - Shot Misses the Net.
11:01 of 2nd period - Slapshot by Boris Valabik.
11:01 of 2nd period - Stopped by Pascal Leclaire with a rebound.
11:03 of 2nd period - Snap shot by Cory Emmerton.
11:03 of 2nd period - Stopped by Pascal Leclaire without a rebound.
11:04 of 2nd period - John Tavares wins face-off versus Anze Kopitar in Kings zone.
11:05 of 2nd period - Snap shot by Jussi Jokinen.
11:05 of 2nd period - Deflect By John Tavares.
11:05 of 2nd period - Stopped by Pascal Leclaire without a rebound.
11:06 of 2nd period - Anze Kopitar wins face-off versus John Tavares in Kings zone.
11:23 of 2nd period - Snap shot by John Tavares.
11:23 of 2nd period - Shot Misses the Net.
11:32 of 2nd period - Off-side.
11:33 of 2nd period - Ryan Johansen wins face-off versus Evgeny Grachev in neutral zone.
12:46 of 2nd period - Rostislav Olesz is hit by Cory Emmerton and loses puck.
13:34 of 2nd period - Off-side.
13:35 of 2nd period - Anze Kopitar wins face-off versus John Tavares in neutral zone.
14:03 of 2nd period - Off-side.
14:04 of 2nd period - Michael Grabner wins face-off versus Ryan Johansen in neutral zone.
14:17 of 2nd period - Ian White beats up Dany Heatley.
14:17 of 2nd period - Penalty to Dany Heatley for Fighting.
14:17 of 2nd period - Penalty to Ian White for Fighting.
14:18 of 2nd period - Anze Kopitar wins face-off versus John Tavares in Stars zone.
14:19 of 2nd period - Snap shot by Johnny Gaudreau.
14:19 of 2nd period - Stopped by Brian Elliott without a rebound.
14:20 of 2nd period - Alex Chiasson wins face-off versus Wayne Simmonds in Stars zone.
14:27 of 2nd period - Slapshot by Drew Fata.
14:27 of 2nd period - Shot Blocked by Darnell Nurse.
15:11 of 2nd period - Snap shot by Dustin Penner.
15:11 of 2nd period - Stopped by Pascal Leclaire with a rebound.
16:15 of 2nd period - Wrist shot by Anze Kopitar.
16:15 of 2nd period - Goal by Anze Kopitar - Stars : 4 - Kings : 1.
16:16 of 2nd period - Jussi Jokinen wins face-off versus Anze Kopitar in neutral zone.
16:18 of 2nd period - Brian Lee is hit by Darnell Nurse and loses puck.
16:21 of 2nd period - Snap shot by Alex Chiasson.
16:21 of 2nd period - Shot Misses the Net.
16:23 of 2nd period - Wrist shot by Johnny Oduya.
16:23 of 2nd period - Stopped by Pascal Leclaire without a rebound.
16:24 of 2nd period - John Tavares wins face-off versus Ryan Johansen in Kings zone.
16:26 of 2nd period - Minor Penalty to Anze Kopitar for Hooking.
16:27 of 2nd period - John Tavares wins face-off versus Dominic Moore in Kings zone.
16:29 of 2nd period - Snap shot by Jussi Jokinen.
16:29 of 2nd period - Stopped by Pascal Leclaire without a rebound.
16:30 of 2nd period - Dominic Moore wins face-off versus Michael Grabner in Kings zone.
17:05 of 2nd period - Slapshot by Drew Fata.
17:05 of 2nd period - Stopped by Pascal Leclaire without a rebound.
17:06 of 2nd period - Antoine Vermette wins face-off versus Wayne Simmonds in Kings zone.
18:26 of 2nd period - Penalty to Anze Kopitar is over, Anze Kopitar is back on ice.
19:38 of 2nd period - Wrist shot by Mike Brown.
19:38 of 2nd period - Shot Blocked by B.J. Crombeen.
19:40 of 2nd period - Slapshot by Staffan Kronwall.
19:40 of 2nd period - Shot Misses the Net.
19:42 of 2nd period - Snap shot by Eric Wellwood.
19:42 of 2nd period - Shot Misses the Net.
19:44 of 2nd period - Slapshot by Dominic Moore.
19:44 of 2nd period - Shot Misses the Net.
19:46 of 2nd period - Wrist shot by Eric Wellwood.
19:46 of 2nd period - Shot Misses the Net.
19:56 of 2nd period - Brian Lee is hit by Ryan Johansen and loses puck.
Goals for this period are 0 for Stars vs 1 for Kings.
Shots for this period are 10 for Stars vs 10 for Kings.
3rd period
0:01 of 3rd period - Anze Kopitar wins face-off versus John Tavares in neutral zone.
1:04 of 3rd period - Shawn Matthias is hit by Darnell Nurse and loses puck.
1:39 of 3rd period - Dion Phaneuf is hit by Michael Grabner and loses puck.
2:04 of 3rd period - Wrist shot by Ryan Johansen.
2:04 of 3rd period - Shot Blocked by Niklas Hjalmarsson.
2:06 of 3rd period - Snap shot by Patrick Kane.
2:06 of 3rd period - Shot Misses the Net.
2:08 of 3rd period - Slapshot by Jon Merrill.
2:08 of 3rd period - Stopped by Brian Elliott with a rebound.
2:10 of 3rd period - Slapshot by Jon Merrill.
2:10 of 3rd period - Deflect By Ryan Johansen.
2:10 of 3rd period - Shot Misses the Net.
2:10 of 3rd period - Puck is out of play.
2:11 of 3rd period - John Tavares wins face-off versus Anze Kopitar in Stars zone.
2:13 of 3rd period - Minor Penalty to Drew Fata for Tripping.
2:14 of 3rd period - Ryan Johansen wins face-off versus John Tavares in Stars zone.
4:13 of 3rd period - Penalty to Drew Fata is over, Drew Fata is back on ice.
4:29 of 3rd period - Slapshot by Johnny Oduya.
4:29 of 3rd period - Stopped by Pascal Leclaire without a rebound.
4:30 of 3rd period - Dominic Moore wins face-off versus Evgeny Grachev in Kings zone.
4:34 of 3rd period - Icing by Justin Faulk.
4:35 of 3rd period - Antoine Vermette wins face-off versus Dominic Moore in Kings zone.
4:46 of 3rd period - Snap shot by Mike Brown.
4:46 of 3rd period - Shot Misses the Net.
4:48 of 3rd period - Wrist shot by Mike Brown.
4:48 of 3rd period - Stopped by Brian Elliott without a rebound.
4:49 of 3rd period - Anze Kopitar wins face-off versus John Tavares in Stars zone.
5:16 of 3rd period - Patrick Kane is hit by Cory Emmerton and loses puck.
5:47 of 3rd period - Wrist shot by Mika Zibanejad.
5:47 of 3rd period - Shot Blocked by Drew Fata.
6:17 of 3rd period - Minor Penalty to Wayne Simmonds for Hooking.
6:18 of 3rd period - Dominic Moore wins face-off versus John Tavares in Kings zone.
6:49 of 3rd period - Snap shot by Antoine Vermette.
6:49 of 3rd period - Stopped by Pascal Leclaire without a rebound.
6:50 of 3rd period - John Tavares wins face-off versus Anze Kopitar in Kings zone.
7:01 of 3rd period - Wrist shot by Jussi Jokinen.
7:01 of 3rd period - Stopped by Pascal Leclaire without a rebound.
7:02 of 3rd period - John Tavares wins face-off versus Dominic Moore in Kings zone.
7:05 of 3rd period - Wrist shot by Jussi Jokinen.
7:05 of 3rd period - Goal by Jussi Jokinen - Stars : 5 - Kings : 1.
7:06 of 3rd period - John Tavares wins face-off versus Ryan Johansen in neutral zone.
7:15 of 3rd period - Slapshot by Alex Chiasson.
7:15 of 3rd period - Shot Blocked by Dion Phaneuf.
7:20 of 3rd period - Jon Merrill is hit by Drew Fata and loses puck.
7:57 of 3rd period - Backhand shot by Nikita Kucherov.
7:57 of 3rd period - Stopped by Brian Elliott without a rebound.
7:58 of 3rd period - John Tavares wins face-off versus Mika Zibanejad in Stars zone.
8:05 of 3rd period - Rostislav Olesz is hit by John Tavares and loses puck.
8:26 of 3rd period - Slapshot by Nikita Kucherov.
8:26 of 3rd period - Shot Misses the Net.
8:52 of 3rd period - Wrist shot by Evgeny Grachev.
8:52 of 3rd period - Stopped by Pascal Leclaire without a rebound.
8:53 of 3rd period - Evgeny Artyukhin wins face-off versus Ryan Johansen in Kings zone.
9:45 of 3rd period - Wrist shot by Patrick Sharp.
9:45 of 3rd period - Shot Blocked by Eric Wellwood.
9:47 of 3rd period - Slapshot by Michael Grabner.
9:47 of 3rd period - Shot Blocked by Jon Merrill.
9:49 of 3rd period - Snap shot by Patrick Sharp.
9:49 of 3rd period - Shot Misses the Net.
9:51 of 3rd period - Snap shot by Johnny Oduya.
9:51 of 3rd period - Shot Misses the Net.
10:01 of 3rd period - Snap shot by B.J. Crombeen.
10:01 of 3rd period - Stopped by Pascal Leclaire with a rebound.
10:03 of 3rd period - Slapshot by Johnny Oduya.
10:03 of 3rd period - Stopped by Pascal Leclaire without a rebound.
10:04 of 3rd period - Cory Emmerton wins face-off versus Ryan Johansen in Kings zone.
11:49 of 3rd period - Off-side.
11:50 of 3rd period - Anze Kopitar wins face-off versus John Tavares in neutral zone.
12:04 of 3rd period - Minor Penalty to Jussi Jokinen for Diving.
12:05 of 3rd period - Patrick Sharp wins face-off versus Anze Kopitar in Stars zone.
12:19 of 3rd period - Eric Wellwood is hit by Ian White and loses puck.
14:04 of 3rd period - Penalty to Jussi Jokinen is over, Jussi Jokinen is back on ice.
14:16 of 3rd period - Wrist shot by Jussi Jokinen.
14:16 of 3rd period - Stopped by Pascal Leclaire without a rebound.
14:17 of 3rd period - Cory Emmerton wins face-off versus Mika Zibanejad in Kings zone.
14:43 of 3rd period - Icing by Shawn Matthias.
14:44 of 3rd period - Anze Kopitar wins face-off versus Evgeny Grachev in Stars zone.
14:53 of 3rd period - Wrist shot by Anze Kopitar.
14:53 of 3rd period - Shot Blocked by Shawn Matthias.
15:05 of 3rd period - Snap shot by Evgeny Grachev.
15:05 of 3rd period - Goal by Evgeny Grachev - Stars : 6 - Kings : 1.
15:06 of 3rd period - John Tavares wins face-off versus Johnny Gaudreau in neutral zone.
15:10 of 3rd period - Slapshot by Drew Fata.
15:10 of 3rd period - Stopped by Pascal Leclaire with a rebound.
15:12 of 3rd period - Slapshot by Drew Fata.
15:12 of 3rd period - Shot Blocked by Anze Kopitar.
15:16 of 3rd period - Snap shot by John Tavares.
15:16 of 3rd period - Stopped by Pascal Leclaire with a rebound.
15:47 of 3rd period - Minor Penalty to Darnell Nurse for Hooking.
15:48 of 3rd period - John Tavares wins face-off versus Dominic Moore in Kings zone.
15:51 of 3rd period - Minor Penalty to Jussi Jokinen for Charging.
15:52 of 3rd period - Anze Kopitar wins face-off versus John Tavares in Stars zone.
15:56 of 3rd period - Wrist shot by Anze Kopitar.
15:56 of 3rd period - Goal by Anze Kopitar - Stars : 6 - Kings : 2.
15:57 of 3rd period - Anze Kopitar wins face-off versus John Tavares in neutral zone.
16:04 of 3rd period - Slapshot by John Tavares.
16:04 of 3rd period - Shot Blocked by Justin Faulk.
16:06 of 3rd period - Snap shot by Patrick Sharp.
16:06 of 3rd period - Stopped by Pascal Leclaire without a rebound.
16:07 of 3rd period - Anze Kopitar wins face-off versus John Tavares in Kings zone.
16:16 of 3rd period - John Tavares is hit by Anze Kopitar and loses puck.
16:55 of 3rd period - Slapshot by Ian White.
16:55 of 3rd period - Stopped by Pascal Leclaire without a rebound.
16:56 of 3rd period - Johnny Gaudreau wins face-off versus John Tavares in Kings zone.
16:56 of 3rd period - Johnny Gaudreau is hit by John Tavares.
17:47 of 3rd period - Penalty to Darnell Nurse is over, Darnell Nurse is back on ice.
17:49 of 3rd period - Icing by Shea Weber.
17:50 of 3rd period - Patrick Sharp wins face-off versus Ryan Johansen in Kings zone.
17:51 of 3rd period - Penalty to Jussi Jokinen is over, Jussi Jokinen is back on ice.
17:57 of 3rd period - Snap shot by Ryan Johansen.
17:57 of 3rd period - Shot Misses the Net.
18:23 of 3rd period - Snap shot by John Tavares.
18:23 of 3rd period - Shot Misses the Net.
18:28 of 3rd period - Off-side.
18:29 of 3rd period - Mika Zibanejad wins face-off versus Antoine Vermette in neutral zone.
19:03 of 3rd period - Evgeny Grachev is hit by Nikita Kucherov and loses puck.
19:14 of 3rd period - Wrist shot by Nikita Kucherov.
19:14 of 3rd period - Stopped by Brian Elliott with a rebound.
19:20 of 3rd period - Snap shot by Nikita Kucherov.
19:20 of 3rd period - Shot Misses the Net.
19:28 of 3rd period - Snap shot by Shawn Matthias.
19:28 of 3rd period - Stopped by Pascal Leclaire with a rebound.
19:34 of 3rd period - Wrist shot by Evgeny Artyukhin.
19:34 of 3rd period - Shot Blocked by Nikita Kucherov.
19:48 of 3rd period - Snap shot by Evgeny Artyukhin.
19:48 of 3rd period - Stopped by Pascal Leclaire with a rebound.
19:50 of 3rd period - Slapshot by Johnny Oduya.
19:50 of 3rd period - Shot Blocked by Dion Phaneuf.
19:52 of 3rd period - Snap shot by Shawn Matthias.
19:52 of 3rd period - Shot Blocked by Dion Phaneuf.
19:54 of 3rd period - Slapshot by Johnny Oduya.
19:54 of 3rd period - Stopped by Pascal Leclaire without a rebound.
19:55 of 3rd period - John Tavares wins face-off versus Anze Kopitar in Kings zone.
19:56 of 3rd period - Snap shot by Jussi Jokinen.
19:56 of 3rd period - Shot Misses the Net.
Goals for this period are 2 for Stars vs 1 for Kings.
Shots for this period are 16 for Stars vs 5 for Kings.
Back to the Top